 Dungeon Crawl Stone Soup version 0.19-a0-854-gc78d25d (webtiles) character file.

18 Fubayashi the Digger (level 2, 0/15 HPs)
             Began as a Gargoyle Earth Elementalist on July 1, 2016.
             Slain by a kobold
             ... wielding a +0 hand axe
              (3 damage)
             ... on level 1 of the Dungeon.
             The game lasted 00:01:31 (455 turns).

Fubayashi the Digger (Gargoyle Earth Elementalist)   Turns: 455, Time: 00:01:32

Health: 0/15       AC:  4    Str: 11    XL:     2   Next: 66%
Magic:  0/5        EV: 12    Int: 15    God:
Gold:   0          SH:  0    Dex: 10    Spells: 1 memorised, 5 levels left

rFire  . . .     SeeInvis .     (no weapon)
rCold  . . .     Gourm    .     c - +0 robe
rNeg   + . .     Faith    .     (no shield)
rPois  ∞         Spirit   .     (no helmet)
rElec  +         Dismiss  .     (no cloak)
rCorr  .         Reflect  .     (no gloves)
SustAt .         Harm     .     (no boots)
MR     .....                    (no amulet)
Stlth  ++........               (no ring)
                                (no ring)

@: very slightly contaminated, not resistant to hostile enchantments, unstealthy
A: negative energy resistance 1, electricity resistance, unbreathing,
petrification resistance, rot immunity, AC +2
a: no special abilities


You were on level 1 of the Dungeon.
You were not hungry.

You visited 1 branch of the dungeon, and saw 1 of its levels.

Inventory:

Missiles
 b - 20 stones (quivered)
Armour
 c - a +0 robe (worn)
Scrolls
 a - a scroll of identify {unknown}
Books
 e - a book of Geomancy

   Spells                             Type                      Level
   a - Sandblast                      Earth                        1
   b - Passwall                       Transmutation/Earth          2
   c - Stone Arrow                    Conjuration/Earth            3
   d - Petrify                        Transmutation/Earth          4
   e - Lee's Rapid Deconstruction     Earth                        5
Comestibles
 d - a bread ration {@e1}
 f - a chunk of flesh


   Skills:
 - Level 1.5 Dodging
 - Level 2.1 Stealth
 * Level 2.7 Spellcasting
   Level 0.7 Transmutations
 + Level 3.9 Earth Magic


You had 5 spell levels left.
You knew the following spells:

 Your Spells              Type           Power        Failure   Level  Hunger
a - Sandblast             Erth           ##....       4%          1    #......


Dungeon Overview and Level Annotations

Branches:
Dungeon (1/15)

Altars:


Innate Abilities, Weirdness & Mutations

You are resistant to torment.
Your stone body is resilient. (AC +2)
You are immune to poison.
You resist negative energy. (rN+)
You are resistant to electric shocks. (rElec)
You can survive without breathing.
You are immune to petrification.
You are immune to rotting.


Message History

You hit the kobold but do no damage. The kobold hits you with a hand axe.
* * * LOW HITPOINT WARNING * * *
You hit the kobold but do no damage. The kobold closely misses you.
Casting: Sandblast
Confirm with . or Enter, or press ? or * to list all spells.
Aiming: Sandblast
Press: ? - help, Shift-Dir - straight line, f/p - kobold
Aim: a kobold, wielding a hand axe and wearing a scale mail The blast of sand hits the kobold.
The kobold barely misses you.
Casting: Sandblast
Confirm with . or Enter, or press ? or * to list all spells.
You don't have enough magic to cast that spell.
You are too injured to fight recklessly!
You are too injured to fight recklessly!
You are too injured to fight recklessly!
You are too injured to fight recklessly!
You are too injured to fight recklessly!
You barely miss the kobold. The kobold closely misses you.
You hit the kobold but do no damage. The kobold hits you with a hand axe.
You die...

...............
............[.. ##
.#.............. ##.
##............# #..
#....)......## #..
#............. #†##
#.............
#..#..####..#.....#.....
#....K@...########..###
#######.### ##.# #
#.######### #)#
#.........# #.#
###......># #.#
#.......# #.##.
#.....†.###....
#..............
#.......####.##


You could see a kobold.

Vanquished Creatures
  A gnoll (D:1)
  A ball python (D:1)
  3 bats (D:1)
  2 giant newts (D:1)
  A goblin (D:1)
  3 kobolds (D:1)
11 creatures vanquished.

Notes
Turn   | Place    | Note
-------+----------+-------------------------------------------
     0 | D:1      | Fubayashi the Gargoyle Earth Elementalist began the quest for the Orb.
     0 | D:1      | Reached XP level 1. HP: 10/10 MP: 3/3
   222 | D:1      | Reached XP level 2. HP: 8/15 MP: 0/5
   455 | D:1      | Slain by a kobold

Vault maps used:
D:1:      dpeg_chamrin_arrival_tetris, minmay_close_crescents

Action                   || total
-------------------------++-------
Melee: Unarmed           ||    48
 Cast: Sandblast         ||     9
 Stab: Sleeping          ||     1
Armor: Robe              ||    20
Dodge: Dodged            ||    60
